 Dungeon Sprint DCSS version 0.18.1-6-gd335043 (webtiles) character file.

4388 Hipnos the Imperceptible (level 10, -10/63 HPs)
             Began as an Octopode Enchanter on May 19, 2016.
             Was an Elder of Sif Muna.
             Mangled by an unseen horror (11 damage)
             ... in the Dungeon (Sprint I: "Red Sonja").
             The game lasted 00:05:17 (1036 turns).

Hipnos the Imperceptible (Octopode Enchanter)       Turns: 1036, Time: 00:05:18

Health: -10/63     AC:  1    Str:  8    XL:     10   Next: 35%
Magic:  20/20      EV: 16    Int: 20    God:    Sif Muna [****..]
Gold:   861        SH:  0    Dex: 15    Spells: 3 memorised, 17 levels left

rFire  . . .     SeeInvis .     l - +0 short sword (venom)
rCold  . . .     Gourm    .     (no shield)
rNeg   . . .     Faith    .     (helmet restricted)
rPois  .         Spirit   .     (no amulet)
rElec  .         Dismiss  .     o - +2 ring of dexterity (curse)
rCorr  .         Reflect  .     (no ring)
SustAt .         Harm     .     (no ring)
MR     .....     NoTele   +     (no ring)
Stlth  +++++++++.               (no ring)
                                (no ring)
                                (no ring)
                                (no ring)

@: not resistant to hostile enchantments, incredibly stealthy
A: almost no armour, amphibious, 8 rings, constrict 8, camouflage 1, gelatinous
body 1
a: Channel Energy, Forget Spell, Renounce Religion


You were in the Dungeon.
You worshipped Sif Muna.
Sif Muna was greatly pleased with you.
You were not hungry.

You visited 1 branch You collected 861 gold pieces.

Inventory:

Hand Weapons
 a - a +1 dagger
 l - a +0 short sword of venom (weapon)
Jewellery
 o - a cursed +2 ring of dexterity (left tentacle)
Wands
 h - a wand of flame (33/48)
 j - a wand of slowing (9/48)
Scrolls
 i - a scroll of blinking
 m - 4 scrolls of identify {unknown}
Potions
 f - a potion of haste
 g - 2 potions of magic
 k - a potion of cure mutation {unknown}
 n - a potion of invisibility {unknown}
Books
 b - a book of Maledictions

   Spells                             Type                      Level
   a - Corona                         Hexes                        1
   b - Ensorcelled Hibernation        Hexes/Ice                    2
   c - Confuse                        Hexes                        3
   d - Tukima's Dance                 Hexes                        3
   e - Dazzling Spray                 Conjuration/Hexes            3
Comestibles
 c - a bread ration


   Skills:
 + Level 3.5 Fighting
 + Level 3.9 Short Blades
 + Level 6.4 Dodging
 * Level 21.6 Stealth
 + Level 7.1 Spellcasting
 * Level 12.8 Hexes
 - Level 2.6 Ice Magic


You had 17 spell levels left.
You knew the following spells:

 Your Spells              Type           Power        Failure   Level  Hunger
a - Corona                Hex            ######.      1%          1    None
b - Ensorcelled Hibernat  Hex/Ice        #####.       1%          2    None
c - Confuse               Hex            ######..     1%          3    #......


Dungeon Overview and Level Annotations

Branches:
Dungeon (1/1)

Altars:
Cheibriados
Dithmenos
Elyvilon
Fedhas
Gozag
Kikubaaqudgha
Makhleb
Nemelex Xobeh
Okawaru
Pakellas
Qazlal
Ru
Sif Muna
Trog
Vehumet
Xom
Yredelemnul
Zin
The Shining One
Jiyva

Shops:
D [*[


Innate Abilities, Weirdness & Mutations

You cannot wear most types of armour.
You are amphibious.
You can wear up to eight rings at the same time.
You can use your tentacles to constrict eight enemies at once.
Your skin changes colour to match your surroundings (Stealth).
Your rubbery body absorbs attacks (AC +1).


Message History

There is an open door here.
Deactivating autopickup; reactivate with Ctrl-A.
You hit something. Something hits you! x2
Something hits you! x3
Drink which item? (? for menu, Esc to quit)
You feel much better. Something completely misses you. x2
Something hits you. x2
You miss something. Something hits you! x2
* * * LOW HITPOINT WARNING * * *
Something hits you.
* * * LOW HITPOINT WARNING * * *
Something hits you!
* * * LOW HITPOINT WARNING * * *
Drink which item? (? for menu, Esc to quit)
You feel better. Something hits you.
* * * LOW HITPOINT WARNING * * *
Something hits you!
* * * LOW HITPOINT WARNING * * *
Something hits you!
You die...

.#_.___##'#..+≈§≈§§§§§#
⌠#_.∩...'..._#§§§.§#.§#
##_..._##_(#'##'#####§###
#_____###'#(#.§(.###.'.#
##########.####§###.###.#
........'...'.....'.∩##.#
#++++####)..###########.#
##.###......§##§# #+#
#..@...§§§§# #+++######§#
#§# +.# ###


There were no monsters in sight!

Vanquished Creatures
  2 centaur warriors (D)
  Sonja (D)
  A deep troll (D)
  An oklob plant (D)
  2 kobold demonologists (D)
  A slime creature (D)
  Sigmund (D)
  2 redbacks (D)
  A yak (D)
  A giant eyeball (D)
  A wasp (D)
  An ogre (D)
  A jelly (D)
  Ijyb (D)
17 creatures vanquished.

Notes
Turn   | Place    | Note
--------------------------------------------------------------
     0 | D        | Hipnos the Octopode Enchanter began the quest for the Orb.
     0 | D        | Reached XP level 1. HP: 11/11 MP: 3/3
     1 | D        | Noticed Ijyb
     6 | D        | Killed Ijyb
     6 | D        | Reached skill level 5 in Stealth
     6 | D        | Reached skill level 5 in Hexes
     6 | D        | Reached XP level 2. HP: 17/17 MP: 2/5
     6 | D        | Reached XP level 3. HP: 21/21 MP: 2/6
    15 | D        | Learned a level 2 spell: Ensorcelled Hibernation
    19 | D        | Learned a level 3 spell: Confuse
    60 | D        | Noticed an ogre
    67 | D        | Killed an ogre
    67 | D        | Reached skill level 8 in Stealth
    67 | D        | Reached XP level 4. HP: 27/27 MP: 4/8
   104 | D        | Noticed Sigmund
   111 | D        | Killed Sigmund
   111 | D        | Reached skill level 11 in Stealth
   111 | D        | Reached XP level 5. HP: 24/32 MP: 8/11
   111 | D        | Reached XP level 6. HP: 28/37 MP: 8/12
   153 | D        | Found a deep blue altar of Sif Muna.
   155 | D        | Found a radiant altar of Vehumet.
   159 | D        | Became a worshipper of Sif Muna the Loreminder
   161 | D        | Reached skill level 1 in Fighting
   190 | D        | Found Tuptoapo's General Store.
   190 | D        | Found a white marble altar of Elyvilon.
   190 | D        | Found a stormy altar of Qazlal.
   190 | D        | Found a burning altar of Makhleb.
   190 | D        | Found a sacrificial altar of Ru.
   190 | D        | Found an oddly glowing altar of Pakellas.
   190 | D        | Found a basalt altar of Yredelemnul.
   190 | D        | Found a glowing golden altar of the Shining One.
   190 | D        | Found a sparkling altar of Nemelex Xobeh.
   190 | D        | Found a shimmering altar of Xom.
   190 | D        | Found an opulent altar of Gozag.
   190 | D        | Found an ancient bone altar of Kikubaaqudgha.
   190 | D        | Found a glowing silver altar of Zin.
   190 | D        | Noticed a yak
   195 | D        | Killed a yak
   195 | D        | Reached * piety under Sif Muna
   195 | D        | Reached skill level 13 in Stealth
   195 | D        | Reached skill level 1 in Ice Magic
   195 | D        | Reached XP level 7. HP: 43/43 MP: 8/13
   199 | D        | Found an iron altar of Okawaru.
   200 | D        | Found a bloodstained altar of Trog.
   226 | D        | Found a snail-covered altar of Cheibriados.
   226 | D        | Found a viscous altar of Jiyva.
   226 | D        | Found a shadowy altar of Dithmenos.
   226 | D        | Found a blossoming altar of Fedhas.
   226 | D        | Noticed a slime creature
   231 | D        | Killed a slime creature
   231 | D        | Reached skill level 14 in Stealth
   231 | D        | Reached skill level 10 in Hexes
   338 | D        | Noticed Sonja
   346 | D        | Killed Sonja
   346 | D        | Reached ** piety under Sif Muna
   346 | D        | Reached skill level 16 in Stealth
   346 | D        | Reached skill level 5 in Spellcasting
   346 | D        | Reached XP level 8. HP: 26/48 MP: 12/16
   640 | D        | Noticed a deep troll
   650 | D        | Killed a deep troll
   650 | D        | Reached *** piety under Sif Muna
   650 | D        | Reached skill level 5 in Dodging
   650 | D        | Reached skill level 17 in Stealth
   650 | D        | Reached XP level 9. HP: 17/54 MP: 16/18
   667 | D        | Found Xugaick's Armour Emporium.
   688 | D        | Found Kowues's Armour Boutique.
   872 | D        | Noticed a kobold demonologist
   873 | D        | Noticed a kobold demonologist
   875 | D        | Killed a kobold demonologist
   876 | D        | Reached skill level 18 in Stealth
   878 | D        | Killed a kobold demonologist
   915 | D        | Noticed a centaur warrior
   917 | D        | Noticed a centaur warrior
   919 | D        | Killed a centaur warrior
   919 | D        | Reached **** piety under Sif Muna
   919 | D        | Reached skill level 19 in Stealth
   921 | D        | Killed a centaur warrior
   921 | D        | Reached skill level 20 in Stealth
   921 | D        | Reached XP level 10. HP: 63/63 MP: 18/20
   944 | D        | Noticed an oklob plant
   946 | D        | Killed an oklob plant
   946 | D        | Reached skill level 21 in Stealth
  1036 | D        | HP: 1/63 [something (11)]
  1036 | D        | Mangled by an unseen horror

Skill      XL: |  1  2  3  4  5  6  7  8  9 10 |
---------------+-------------------------------+-----
Stealth        | 5 8 11 13 16 17 20 21 | 21.6
Hexes          | 5 7 8 9 11 12 | 12.8
Spellcasting   | 3 4 5 6 7 |  7.1
Dodging        | 3 4 5 6 |  6.4
Fighting       | 1 2 3 |  3.5
Ice Magic      | 1 2 |  2.6
Short Blades   | 2 3 |  3.9

Action                   |  1- 3 |  4- 6 |  7- 9 | 10-12 || total
-------------------------+-------+-------+-------+-------++-------
Melee: Dagger            |     5 |     8 |     6 |       ||    19
       Constrict         |     1 |     1 |     1 |     1 ||     4
       Tentacles         |       |     1 |       |     1 ||     2
       Short sword       |       |       |     6 |     9 ||    15
 Cast: Corona            |     1 |       |       |       ||     1
       Ensorcelled Hiber |     1 |     2 |     1 |       ||     4
       Confuse           |       |       |     1 |       ||     1
  Use: Potion            |     1 |       |       |     2 ||     3
 Stab: Sleeping          |     2 |     3 |     8 |     3 ||    16
       Confused          |       |       |     1 |       ||     1
  Eat: Chunk             |       |       |     1 |       ||     1
Armor: Skin              |       |       |       |     1 ||     1
Dodge: Dodged            |     2 |     3 |     2 |     4 ||    11
